 Dungeon Crawl Stone Soup version 0.25.1-2-g60ff931df9 (webtiles) character file.

Game seed: 5017620119683978102

67 Peloso the Shield-Bearer (level 4, 38/38 HPs)
             Began as a Demonspawn Fighter on Aug 22, 2020.
             Got out of the dungeon alive.
             The game lasted 00:03:20 (1311 turns).

Peloso the Shield-Bearer (Demonspawn Fighter)       Turns: 1311, Time: 00:03:21

Health: 38/38      AC:  6    Str: 17    XL:     4   Next: 0%
Magic:  4/4        EV:  7    Int:  9    God:
Gold:   66         SH:  9    Dex: 13    Spells: 3/3 levels left

rFire    . . .     SeeInvis .   a - +0 long sword
rCold    . . .     Gourm    .   c - +0 kite shield
rNeg     . . .     Faith    .   b - +0 scale mail
rPois    .         Spirit   .   (helmet unavailable)
rElec    .         Reflect  .   (no cloak)
rCorr    .         Harm     .   (no gloves)
MR       .....                  (no boots)
Stlth    ..........             (no amulet)
HPRegen  0.12/turn              (no ring)
MPRegen  0.09/turn              (no ring)

@: lightly drained
A: horns 3, robust 1, MP-powered wands
a: no special abilities


You escaped.
You were not hungry.

You visited 1 branch of the dungeon, and saw 2 of its levels.

You collected 66 gold pieces.

Inventory:

Hand Weapons
 a - a +0 long sword (weapon)
Missiles
 h - 38 bolts
Armour
 b - a +0 scale mail (worn)
 c - a +0 kite shield (worn)
Scrolls
 e - a scroll of magic mapping {unknown}
 i - a scroll of teleportation {unknown}
 k - a scroll of blinking {unknown}
 l - a scroll of remove curse
Potions
 d - a potion of might
 j - a potion of heal wounds
Comestibles
 f - 5 rations
 g - 2 chunks of flesh


   Skills:
 + Level 3.2(3.1) Fighting
 + Level 2.6(2.5) Long Blades
 + Level 3.1(3.0) Armour
 + Level 0.1(0.0) Dodging
 + Level 3.3(3.2) Shields


You had 3 spell levels left.
You didn't know any spells.
Your spell library was empty.

Dungeon Overview and Level Annotations

Branches:
Dungeon (2/15)

Altars:


Innate Abilities, Weirdness & Mutations

You have a pair of large horns on your head.
You are robust. (+10% HP)
You expend magic power (3 MP) to strengthen your wands.


Message History

You feel agile.
Your demonic ancestry asserts itself...
The horns on your head grow some more.
You now have 66 gold pieces (gained 12).
k - a scroll labeled XUTWEH VAILEA
Found 23 sling bullets.
l - a scroll of remove curse
(D) Dungeon
Where to? (Enter - D:12, ? - help)
What level of the Dungeon? (default 1, ? - help)
There is a stone staircase leading up here.
You climb upwards.
There is a stone staircase leading down here.
Some of the chunks of flesh in your inventory have rotted away.
There is an open gate here.
There is an open door here.
There is an open door here.
There is an escape hatch in the floor here.
There is a staircase leading out of the dungeon here.
Are you sure you want to leave the Dungeon?
This will make you lose the game!
You have escaped!

#.##.##..≈°≈≈...# #.#...
#.##.##..≈○☼○...# #.####
##.##.# #...§...# ##.####
#..#### ####### #####.....#
#.##.§## #§§≈# ##..###.##.#
#.#..§§## ##'## ##....#####.#
#.#..§§####...####....### #.#
#§'§§§§#8#.....#.#..○○#.# #.#
#§§§§§.§.'.>@..'.#..°.#.###.#
#§§§...#8#.....#.#..°.#.....#
###.#.§####...####....#######
#....## ##'## ##....# ##..##
##≈.≈## ##..## #### #########
#### ##.......## #.........#
#.........#


There were no monsters in sight!

Vanquished Creatures
  A gnoll (D:1)
  An adder (D:2)
  An ooze (D:1)
  2 worms (D:2)
  2 dart slugs (D:1)
  7 bats (D:1)
  3 giant cockroaches (D:1)
  6 goblins
  2 hobgoblins (D:1)
  5 kobolds (D:1)
  3 rats (D:1)
33 creatures vanquished.

Notes
Turn   | Place    | Note
-------+----------+-------------------------------------------
     0 | D:1      | Peloso the Demonspawn Fighter began the quest for the Orb.
     0 | D:1      | Reached XP level 1. HP: 18/18 MP: 1/1
   204 | D:1      | Gained mutation: You have a pair of small horns on your
                  | head. [demonic ancestry]
   204 | D:1      | Reached XP level 2. HP: 19/24 MP: 2/2
   398 | D:1      | Gained mutation: You have a pair of horns on your head.
                  | [demonic ancestry]
   398 | D:1      | Reached XP level 3. HP: 16/29 MP: 3/3
   930 | D:1      | Gained mutation: You are robust. (+10% HP) [potion of
                  | mutation]
   930 | D:1      | Gained mutation: You expend magic power (3 MP) to
                  | strengthen your wands. [potion of mutation]
  1215 | D:2      | Gained mutation: You have a pair of large horns on your
                  | head. [demonic ancestry]
  1215 | D:2      | Reached XP level 4. HP: 37/38 MP: 4/4
  1311 | D:$      | Got out of the dungeon alive.

Illustrated notes

Levels and vault maps discovered:
D:1:      shiori_arrival_elements, layout_loops_ring
D:2:      mumra_celtic_spiral_tile, layout_basic, lemuel_blue_sif_altar,
          grunt_temple_overflow_open, first_ration, nrook_campfire,
          minmay_cut_off, uniq_natasha

Skill      XL: |  1  2 |
---------------+-------+-----
Long Blades    | 2 |  2.6
Armour         | 3 |  3.1
Shields        | 3 |  3.3
Fighting       | |  3.2
Dodging        | |  0.1

Action                   |  1- 3 |  4- 6 || total
-------------------------+-------+-------++-------
Melee: Long sword        |    92 |       ||    92
       Headbutt          |    19 |       ||    19
  Use: Potion            |     3 |       ||     3
       Scroll            |     1 |       ||     1
  Eat: Chunk             |     1 |       ||     1
Armor: Scale mail        |    55 |       ||    55
Dodge: Dodged            |    27 |       ||    27
Block: Kite shield       |    49 |       ||    49
       Rpst.: Long sword |     9 |       ||     9
